 Dungeon Crawl Stone Soup version 0.30-a0-568-g124715a40b (webtiles) character file.

Game seed: 719296502290530713

188 Jase the Shooter (level 6, -11/44 HPs)
             Began as a Formicid Hunter on Dec 28, 2022.
             Mangled by Edmund
             ... wielding a +3 dire flail of protection
              (14 damage)
             ... on level 4 of the Dungeon.
             The game lasted 00:05:43 (2610 turns).

Jase the Shooter (Formicid Hunter)                  Turns: 2610, Time: 00:05:43

Health: -11/44     AC:  8    Str: 22    XL:     6   Next: 0%
Magic:  7/15       EV: 11    Int:  8    God:
Gold:   140        SH:  0    Dex: 19    Spells: 5/5 levels left

rFire   . . .      SeeInvis +    b - +5 short sword of Xom {spect, MP+9 Str+4 Dex+2 SInv}
rCold   . . .      Faith    .    (no shield)
rNeg    . . .      Spirit   .    i - +0 ring mail
rPois   .          Reflect  .    (helmet unavailable)
rElec   .          Harm     .    d - +0 cloak
rCorr   .          Rampage  .    u - +1 Delatra's gloves {ID++}
Will    .....                    (no boots)
Stlth   +                        (no amulet)
HPRegen 0.27/turn                (no ring)
MPRegen 0.14/turn                (no ring)

@: no status effects
A: permanent stasis, dig shafts and tunnels, antennae 3, four strong arms
a: Dig, Shaft Self


You were on level 4 of the Dungeon.
You visited 1 branch of the dungeon, and saw 4 of its levels.

You collected 140 gold pieces.

Inventory:

Hand Weapons
 a - a +0 shortbow
 b - the +5 short sword of Xom (weapon) {spect, MP+9 Str+4 Dex+2 SInv}
   (You found it on level 3 of the Dungeon)

   When its wielder attacks, the weapon's spirit leaps out and strikes again.
   The spirit shares a part of any damage it takes with its wielder.
   Str:       It affects your strength (+4).
   Dex:       It affects your dexterity (+2).
   MP:        It affects your magic capacity (+9).
   SInv:      It lets you see invisible.
Armour
 c - a +0 pair of gloves
 d - a +0 cloak (worn)
 i - a +0 ring mail (worn)
 u - the +1 Delatra's gloves (worn) {ID++}
   (You found it on level 3 of the Dungeon)

   It heals its wearer when they drink unknown potions.
   It restores its wearer's MP when they read unknown scrolls.
Scrolls
 f - a scroll of teleportation {unknown}
 k - 2 scrolls of identify {unknown}
 l - a scroll of poison {unknown}
 n - 2 scrolls of amnesia {unknown}
 o - a scroll of fear {unknown}
 p - a scroll of blinking {unknown}
 q - a scroll of immolation
 s - a scroll of brand weapon {unknown}
 t - a scroll of enchant armour {unknown}
 v - a scroll of enchant weapon {unknown}
Potions
 e - a potion of magic {unknown}
 g - 2 potions of mutation {unknown}
 h - a potion of attraction {unknown}
 j - a potion of cancellation {unknown}
 m - 3 potions of curing {unknown}
 r - a potion of ambrosia {unknown}


   Skills:
 - Level 2.1 Fighting
 + Level 6.7 Ranged Weapons
 - Level 1.7 Dodging
 - Level 1.2 Stealth


You had 5 spell levels left.
You didn't know any spells.
Your spell library contained the following spells:

 Spells                   Type           Power      Damage    Failure   Level
 Magic Dart               Conj           0%         1d3       56%         1
 Call Imp                 Summ           0%         N/A       71%         2
 Cigotuvi's Dreadful Rot  Necr/Pois/Air  0%         N/A       71%         2
 Poisonous Vapours        Pois/Air       0%         N/A       71%         2
 Scorch                   Fire           0%         2d5       71%         2
 Call Canine Familiar     Summ           0%         N/A       91%         3
 Mephitic Cloud           Conj/Pois/Air  0%         N/A       91%         3
 Portal Projectile        Hex/Tloc       0%         N/A       91%         3
 Flame Wave               Conj/Fire      0%         2d4       100%        4
 Leda's Liquefaction      Hex/Erth       0%         N/A       100%        4
 Summon Cactus Giant      Summ           0%         N/A       100%        6


Dungeon Overview and Level Annotations

Branches:
Dungeon (4/15)
 Temple: D:4-7

Altars:

Shops:
D:2 [   D:3 *

Annotations:
D:1 2 transporters
D:4 Edmund


Innate Abilities, Weirdness & Mutations

You cannot be hasted, slowed, berserked, paralysed or teleported.
You can dig through walls and to a lower floor.
You have a pair of large antennae on your head. (SInv)
Your four strong arms can wield two-handed weapons with a shield.


Message History

You feel stronger.
You feel agile.
You feel a bond with the +5 short sword of Xom {spect, MP+9 Str+4 Dex+2 SInv}.
b - the +5 short sword of Xom (weapon)
{spect, MP+9 Str+4 Dex+2 SInv} You hit Edmund but do no damage.
Edmund is moderately wounded.
Edmund gestures with his flail.
Edmund closely misses you.
You hit Edmund but do no damage.
Edmund is moderately wounded.
Edmund barely misses you.
You hit Edmund.
Edmund is moderately wounded.
Edmund hits you with a +3 dire flail of protection!
You hit Edmund.
Edmund is heavily wounded.
Edmund closely misses you.
You closely miss Edmund.
Edmund is heavily wounded.
Edmund hits you with a +3 dire flail of protection!
You hit Edmund.
Edmund is severely wounded.
Edmund closely misses you.
You hit Edmund but do no damage.
Edmund is severely wounded.
Edmund hits you with a +3 dire flail of protection.
You hit Edmund but do no damage.
Edmund is severely wounded.
Edmund barely misses you.
You hit Edmund but do no damage.
Edmund is severely wounded.
Edmund hits you with a +3 dire flail of protection!
* * * LOW HITPOINT WARNING * * *
You hit Edmund.
Edmund is severely wounded.
Edmund hits you with a +3 dire flail of protection!
* * * LOW HITPOINT WARNING * * *
You puncture Edmund!
Edmund is almost dead.
Edmund hits you with a +3 dire flail of protection!
You die...

#############.####.#
####.# #....# #>####
#.# #.# #.#.# #<#.#
#.#@# #.#@# #.#.#
#.#.# #.#.#####.
#..........
###.#.##..# #..@$.
#......


You could see Edmund.

Vanquished Creatures
  An ogre (D:4)
  An orc wizard (D:3)
  2 worms (D:2)
  A dart slug (D:1)
  7 orcs
  9 endoplasms
  A giant cockroach (D:1)
  4 goblins
  5 hobgoblins
  3 jackals (D:1)
  3 quokkas
  9 ball pythons
  3 bats (D:1)
  4 frilled lizards (D:1)
  5 kobolds
  5 rats
63 creatures vanquished.

Notes
Turn   | Place    | Note
-------+----------+-------------------------------------------
     0 | D:1      | Jase the Formicid Hunter began the quest for the Orb.
     0 | D:1      | Reached XP level 1. HP: 16/16 MP: 1/1
   112 | D:1      | Reached XP level 2. HP: 22/22 MP: 2/2
   338 | D:1      | Reached XP level 3. HP: 24/27 MP: 3/3
   469 | D:1      | Reached skill level 5 in Ranged Weapons
   826 | D:2      | Found Toczaym's Armour Boutique.
   997 | D:2      | Reached XP level 4. HP: 33/33 MP: 4/4
  1547 | D:3      | Found Tago's General Store.
  1977 | D:3      | Identified the +5 short sword of Xom {spect, MP+9 Str+4
                  | Dex+2 SInv}
  2261 | D:3      | Reached XP level 5. HP: 29/38 MP: 5/5
  2263 | D:3      | Reached skill level 6 in Ranged Weapons
  2326 | D:3      | Found the +1 Delatra's gloves {ID++}
  2449 | D:4      | Noticed an ogre
  2459 | D:4      | Killed an ogre
  2566 | D:4      | Reached XP level 6. HP: 44/44 MP: 6/6
  2590 | D:4      | Noticed Edmund
  2609 | D:4      | HP: 2/44 [Edmund/+3 dire flail of protection (8)]
  2610 | D:4      | Mangled by Edmund

Illustrated notes

Levels and vault maps discovered:
D:1:      spicycebolla_arrival_transporter_tutorial, layout_loops_cross
D:2:      layout_rooms, serial_shops, shop_statue, nicolae_figureground_pulse
D:3:      layout_loops_ring, serial_shops, nicolae_shop_stone,
          pf_guarded_unrand_delatra
D:4:      layout_loops_ring, minmay_temple_entry_poolview, uniq_duvessa,
          uniq_menkaure, uniq_edmund, uniq_crazy_yiuf_cottage

Skill      XL: |  1  2  3  4  5 |
---------------+----------------+-----
Ranged Weapons | 5 6 |  6.7
Fighting       | |  2.1
Dodging        | |  1.7
Stealth        | |  1.2

Action                   |  1- 3 |  4- 6 || total
-------------------------+-------+-------++-------
Melee: Short sword       |       |    17 ||    17
 Fire: Shortbow          |    98 |    53 ||   151
Armor: Leather armour    |     2 |       ||     2
       Ring mail         |    14 |     9 ||    23
Dodge: Dodged            |    27 |     8 ||    35

Table legend: (Time is in decaauts)
 A = Elapsed time spent in this place.
 B = Non-inter-level travel time spent in this place.
 C = Inter-level travel time spent in this place.
 D = Time resting spent in this place.
 E = Time spent auto-exploring this place.
 F = Levels seen in this place.
 G = Mean time per level.
                   A        B        C        D        E       F      G
               +--------+--------+--------+--------+--------+-----+--------+
         Total |   2657 |   2400 |    257 |    109 |   1856 |   4 |  664.2 |
       Dungeon |   2657 |   2400 |    257 |    109 |   1856 |   4 |  664.2 |
               +--------+--------+--------+--------+--------+-----+--------+

Top non-repeatable levels by time:
     D:3: 1003 daAuts
     D:1: 815 daAuts
     D:2: 663 daAuts
     D:4: 174 daAuts
